details: 'stacker's hackers 4'

« prev index next »

General information

Mini Map

Players

team 1
Random» UndeadMagus-187 (purple | 129 APM | 1825 actions | 14:05)
Hero icon 3 Death Knight
Ability icon 2 Death Coil
Ability icon 1 Unholy Aura
Hero icon 2 Lich
Ability icon 1 Frost Nova
Ability icon 1 Dark Ritual

» actions
Assign group hotkey179
Basic commands8
Build / train62
Enter build submenu10
Enter hero's abilities submenu5
Give item / drop item2
Right click731
Select / deselect262
Select group hotkey498
Use ability68
1825 total
» units
Acolyte2
Ghoul12
Obsidian Statue5
Gargoyle9
28 total
» upgrades
Ghoul Frenzy1
Destroyer Form1
Creature Carapace1
3 total
» buildings
Altar of Darkness1
Ziggurat4
Crypt1
Tomb of Relics1
Graveyard1
Nerubian Tower1
Halls of the Dead3
Slaughterhouse1
Black Citadel3
16 total
» build order
00:08 Altar of Darkness
00:09 Ziggurat
00:34 Crypt
00:48 Tomb of Relics
01:18 Graveyard
01:31 Ziggurat
02:26 Nerubian Tower
03:11 Halls of the Dead
03:11 Halls of the Dead
03:50 Ziggurat
05:17 Ziggurat
05:40 Slaughterhouse
06:45 Black Citadel
» items
Rod of Necromancy2
Dust of Appearance6
Boots of Speed1
Orb of Corruption2
11 total
team 2
Orcafffinity (pink | 140 APM | 1984 actions | 14:07)
Hero icon 4 Blademaster
Ability icon 2 Wind Walk
Ability icon 2 Critical Strike
Hero icon 3 Shadow Hunter
Ability icon 1 Hex
Ability icon 2 Healing Wave

» actions
Assign group hotkey29
Basic commands263
Build / train47
Enter build submenu10
Enter hero's abilities submenu7
Give item / drop item1
Right click566
Select / deselect162
Select group hotkey846
Use ability53
1984 total
» units
Peon7
Grunt5
Wind Rider6
Troll Batrider3
21 total
» upgrades
Berserker Strength1
Envenomed Spears1
2 total
» buildings
Altar of Storms1
Orc Burrow4
Barracks1
Voodoo Lounge1
Stronghold1
Beastiary2
Fortress2
Great Hall1
13 total
» build order
00:07 Altar of Storms
00:19 Orc Burrow
00:34 Barracks
01:36 Orc Burrow
01:58 Voodoo Lounge
02:57 Stronghold
04:03 Orc Burrow
05:20 Beastiary
05:26 Beastiary
05:49 Orc Burrow
09:11 Fortress
09:11 Fortress
13:15 Great Hall
» items
Lesser Clarity Potion3
Healing Salve5
Potion of Healing1
Orb of Lightning1
10 total